 Dungeon Crawl Stone Soup version 0.21.1-1-g345015f (console) character file.

8521 erker the Covert (level 11, 0/105 HPs)
             Began as an Octopode Transmuter on May 9, 2018.
             Was a High Priest of Cheibriados.
             Slain by a komodo dragon (19 damage)
             ... on level 2 of the Lair of Beasts.
             The game lasted 01:13:38 (10076 turns).

erker the Covert (Octopode Transmuter)             Turns: 10076, Time: 01:13:39

Health: 0/105      AC: 25    Str: 24    XL:     11   Next: 32%
Magic:  0/21       EV:  2    Int: 33    God:    Cheibriados [*****.]
Gold:   764        SH:  0    Dex: 26    Spells: 8/24 levels left

rFire    + . .     SeeInvis .   b - +5 dagger (venom)
rCold    + . .     Gourm    .   (no shield)
rNeg     + + +     Faith    .   (helmet currently unavailable)
rPois    +         Spirit   +   k - amulet of guardian spirit
rElec    .         Reflect  .   d - ring of protection from fire
rCorr    .         Harm     .   (no ring)
MR       +....     NoTele   +   l - ring of stealth
Stlth    ++++++....             q - ring of protection from cold
HPRegen  0.27/turn              y - ring of protection from magic
MPRegen  0.17/turn              (no ring)
                                (no ring)
                                (no ring)

@: tree-form, very slightly contaminated, very slow
A: almost no armour, stealthy swim, (amphibious), 8 rings, (constrict 8)
a: Bend Time, Temporal Distortion, Slouch, Step From Time, Renounce Religion


You were on level 2 of the Lair of Beasts.
You worshipped Cheibriados.
Cheibriados was extremely pleased with you.
You were hungry.
You were a tree.
You visited 2 branches of the dungeon, and saw 10 of its levels.

You collected 764 gold pieces.

Inventory:

Hand Weapons
 b - a +5 dagger of venom (weapon)
 g - a +0 blowgun
Missiles
 e - 73 bolts
 n - 20 poisoned needles
 o - 154 arrows
 E - 6 curare-tipped needles
 G - a throwing net (quivered)
 M - 10 sling bullets
Jewellery
 d - a ring of protection from fire (left branch)
 k - an amulet of guardian spirit (around neck)
 l - a ring of stealth (on tentacle)
 q - a ring of protection from cold (on tentacle)
 y - a ring of protection from magic (on tentacle)
Wands
 h - a wand of paralysis (41)
 m - a wand of polymorph (18)
Scrolls
 a - a scroll of magic mapping
 f - 2 scrolls of random uselessness {unknown}
 i - 2 scrolls of noise
 r - 6 scrolls of identify
 w - 3 scrolls of remove curse
 x - 2 scrolls of enchant armour {unknown}
 C - a scroll of fog {unknown}
 I - 2 scrolls of immolation {unknown}
 L - a scroll of teleportation
Potions
 p - 3 potions of brilliance
 s - a potion of berserk rage
 v - a potion of cancellation
 z - a potion of mutation
 A - a potion of flight
 B - 2 potions of magic
 H - a potion of curing
Books
 j - a book of Air

   Spells                             Type                      Level
   a - Shock                          Conjuration/Air              1
   b - Swiftness                      Charms/Air                   2
   c - Static Discharge               Conjuration/Air              3
   d - Airstrike                      Air                          4
   e - Lightning Bolt                 Conjuration/Air              5
 D - a Young Poisoner's Handbook

   Spells                             Type                      Level
   a - Sting                          Conjuration/Poison           1
   b - Poisonous Vapours              Poison/Air                   2
   c - Mephitic Cloud                 Conjuration/Poison/Air       3
   d - Olgreb's Toxic Radiance        Poison                       4
   e - Venom Bolt                     Conjuration/Poison           5
 F - a book of Changes

   Spells                             Type                      Level
   a - Beastly Appendage              Transmutation                1
   b - Sticks to Snakes               Transmutation                2
   c - Spider Form                    Transmutation/Poison         3
   d - Ice Form                       Ice/Transmutation            4
   e - Blade Hands                    Transmutation                5
Comestibles
 c - 19 rations


   Skills:
 + Level 4.6 Fighting
 * Level 6.1 Dodging
 + Level 9.8 Stealth
 + Level 6.5 Unarmed Combat
 + Level 7.1 Spellcasting
 + Level 8.8 Transmutations
 + Level 3.3 Ice Magic
 * Level 1.3 Air Magic
 * Level 4.2 Invocations


You had 8 spell levels left.
You knew the following spells:

 Your Spells              Type           Power        Failure   Level  Hunger
a - Beastly Appendage     Tmut           ######       1%          1    None
g - Airstrike             Air            ###.......   22%         4    #......
h - Blade Hands           Tmut           ######....   2%          5    ####...
t - Sticks to Snakes      Tmut           ######..     1%          2    None
y - Ice Form              Ice/Tmut       ######..     3%          4    #......


Dungeon Overview and Level Annotations

Branches:
Dungeon (8/15)             Temple (0/1) D:4            Lair (2/6) D:8
  Swamp: Lair:2-4    Shoals: Lair:2-4     Snake: Lair:2-4    Spider: Lair:2-4

Altars:
Cheibriados
Dithmenos
Fedhas
Okawaru
Trog
Uskayaw
Wu Jian
Yredelemnul
Zin

Shops:
D:4 [

Annotations:
D:8 Erica
Lair:1 exclusion: hydra, Alelolelolen's ghost, journeyman MiFi


Innate Abilities, Weirdness & Mutations

You cannot wear most types of armour.
You are very stealthy in the water. (Stealth+)
((You are amphibious.))
You can wear up to eight rings at the same time.
((You can use your tentacles to constrict eight enemies at once.))
((Your skin changes colour to match your surroundings (Stealth+).))
((Your rubbery body absorbs attacks. (AC +1, EV +1)))


Message History

The komodo dragon looks as sick as possible!
Your adder poisons the komodo dragon!
The komodo dragon completely misses your adder.
You hit the komodo dragon but do no damage.
The komodo dragon looks as sick as possible!
The komodo dragon is heavily wounded.
Your adder bites the komodo dragon.
The komodo dragon looks as sick as possible!
Your adder poisons the komodo dragon!
The komodo dragon hisses menacingly.
The komodo dragon bites you but does no damage.
The blink frog hits you but does no damage.
You hit the komodo dragon but do no damage.
The komodo dragon looks as sick as possible!
Your punch misses the komodo dragon.
The komodo dragon is heavily wounded.
Your adder barely misses the komodo dragon.
The blink frog hits you but does no damage.
The komodo dragon bites you!!
You die...

#.............
#........#.#..
#....#.....# #
#....#.....#
#.#....#.#...#.
#.....#.......
##....#.......
#...F#F..#.#
#..##♣.....#
#.####lS.....
#. F..#... #.
..... . ...##..
.### . .# .#


You could see a komodo dragon, 3 blink frogs and a friendly adder.

Vanquished Creatures
  A two-headed ogre (D:8)
  2 centaur skeletons
  A komodo dragon (Lair:1)
  3 hippogriffs
  Sigmund (D:3)
  A hungry ghost (D:7)
  A basilisk (Lair:1)
  Menkaure (D:5)
  2 water moccasins (Lair:1)
  3 porcupines
  2 orc warriors (D:7)
  2 sky beasts (D:8)
  A slave (D:4)
  4 ice beasts
  A black bear (D:7)
  A hornet zombie (D:7)
  5 wolves (Lair:1)
  8 ogres
  3 centaurs
  2 crocodiles (Lair:1)
  A big kobold (D:7)
  6 bullfrogs
  Blork the orc (D:6)
  A scorpion (D:3)
  8 killer bees (D:7)
  10 wights (D:7)
  8 howler monkeys
  3 crimson imps
  A bullfrog skeleton (D:8)
  6 hounds
  2 gnoll shamans (D:6)
  8 orc priests
  2 jellies (D:7)
  Crazy Yiuf (D:4)
  Jessica (D:3)
  An iguana (D:7)
  Natasha (twice) (D:4)
  4 orc wizards
  5 worker ants
  A worker ant zombie (D:7)
  6 gnolls (D:6)
  8 adders
  A shadow imp (D:5)
  An ooze (D:7)
  2 adder skeletons
  An adder zombie (D:8)
  5 worms
  2 dart slugs
  2 leopard geckos (D:8)
  41 orcs
  5 bats
  7 giant cockroaches
  8 goblins
  11 hobgoblins
  7 jackals
  5 quokkas
  5 frilled lizards
  18 kobolds
  7 rats
  2 plants (D:6)
261 creatures vanquished.

Vanquished Creatures (collateral kills)
  Pikel (D:3)
  An orc warrior (D:7)
  An ogre (D:8)
  A centaur (D:8)
  A big kobold (D:6)
  A jelly (D:7)
  A leopard gecko (D:8)
  An orc (D:7)
8 creatures vanquished.

Vanquished Creatures (others)
  A slave (D:4)
  A hound (D:4)
  Natasha (D:4)
  2 adders (D:4)
  A shadow imp (D:4)
  A giant cockroach (D:4)
  A jackal (D:4)
  3 plants
11 creatures vanquished.

Grand Total: 280 creatures vanquished

Notes
Turn   | Place    | Note
-------+----------+-------------------------------------------
     0 | D:1      | erker the Octopode Transmuter began the quest for the Orb.
     0 | D:1      | Reached XP level 1. HP: 13/13 MP: 3/3
   113 | D:1      | Reached XP level 2. HP: 18/18 MP: 5/5
   126 | D:1      | Learned a level 2 spell: Sticks to Snakes
   348 | D:1      | Reached XP level 3. HP: 22/23 MP: 6/6
   585 | D:2      | Reached XP level 4. HP: 23/28 MP: 2/8
   675 | D:2      | Learned a level 4 spell: Ice Form
  1074 | D:2      | Found an ornate altar of the Wu Jian Council.
  1075 | D:2      | Found a blossoming altar of Fedhas.
  1087 | D:2      | Found an iron altar of Okawaru.
  1088 | D:2      | Found a bloodstained altar of Trog.
  1303 | D:2      | Found a faded altar of an unknown god.
  1352 | D:2      | Found a basalt altar of Yredelemnul.
  1656 | D:3      | Reached skill level 1 in Stealth
  1656 | D:3      | Reached XP level 5. HP: 10/33 MP: 7/9
  1660 | D:3      | Noticed Jessica
  1666 | D:3      | Killed Jessica
  1756 | D:3      | Reached skill level 2 in Stealth
  2028 | D:3      | Found a hide-covered altar of Uskayaw.
  2172 | D:3      | Reached skill level 3 in Stealth
  2172 | D:3      | Reached XP level 6. HP: 38/38 MP: 6/11
  2194 | D:3      | Noticed Sigmund
  2199 | D:3      | Killed Sigmund
  2199 | D:3      | Reached skill level 4 in Stealth
  2199 | D:3      | Reached skill level 1 in Ice Magic
  2490 | D:4      | Noticed Natasha
  2490 | D:4      | Noticed Pikel
  2490 | D:4      | Noticed a slave
  2490 | D:4      | Noticed a slave
  2492 | D:4      | Noticed a slave
  2495 | D:4      | Killed a slave
  2498 | D:4      | Noticed a slave
  2561 | D:3      | Killed Pikel
  2561 | D:3      | Reached skill level 6 in Stealth
  2561 | D:3      | Reached XP level 7. HP: 39/44 MP: 8/12
  2706 | D:4      | Found a snail-covered altar of Cheibriados.
  2789 | D:4      | Found Rishyinkyano's Armour Boutique.
  2811 | D:5      | Entered Level 5 of the Dungeon
  2814 | D:5      | Reached XP level 8. HP: 37/50 MP: 14/14
  2851 | D:4      | Became a worshipper of Cheibriados the Contemplative
  2935 | D:4      | Killed Natasha
  2993 | D:4      | Noticed Natasha
  3005 | D:4      | Killed Natasha
  3022 | D:4      | Reached skill level 7 in Stealth
  3030 | D:4      | Found a staircase to the Ecumenical Temple.
  3132 | D:4      | Found a runed door.
  3137 | D:4      | Noticed Crazy Yiuf
  3142 | D:4      | Killed Crazy Yiuf
  3189 | D:4      | Noticed Natasha
  3208 | D:4      | Killed Natasha
  3345 | D:4      | Found a shadowy altar of Dithmenos.
  3640 | D:5      | Noticed Menkaure
  3681 | D:5      | Killed Menkaure
  3752 | D:5      | Reached skill level 5 in Transmutations
  3757 | D:5      | Found a glowing silver altar of Zin.
  3874 | D:5      | Reached * piety under Cheibriados
  4399 | D:6      | Reached skill level 8 in Stealth
  4399 | D:6      | Reached skill level 5 in Spellcasting
  4399 | D:6      | Reached XP level 9. HP: 14/55 MP: 12/16
  4656 | D:6      | Learned a level 5 spell: Blade Hands
  5323 | D:6      | Reached ** piety under Cheibriados
  5517 | D:6      | Reached skill level 1 in Invocations
  5560 | D:6      | Noticed Blork the orc
  5605 | D:6      | Killed Blork the orc
  6012 | D:7      | Reached *** piety under Cheibriados
  6027 | D:7      | Reached skill level 5 in Dodging
  6368 | D:7      | Reached XP level 10. HP: 64/64 MP: 14/18
  6371 | D:7      | Reached skill level 5 in Unarmed Combat
  6443 | D:7      | Reached **** piety under Cheibriados
  7583 | D:7      | Reached ***** piety under Cheibriados
  8002 | D:8      | Found a staircase to the Lair.
  8007 | D:8      | Noticed a two-headed ogre
  8022 | D:8      | Killed a two-headed ogre
  8022 | D:8      | Reached skill level 9 in Stealth
  8327 | D:8      | Noticed Erica
  8670 | D:8      | Reached XP level 11. HP: 70/70 MP: 21/21
  9254 | D:8      | Learned a level 4 spell: Airstrike
  9376 | Lair:1   | Entered Level 1 of the Lair of Beasts
  9578 | Lair:1   | Noticed a five-headed hydra
  9643 | Lair:1   | Noticed Alelolelolen's ghost (journeyman MiFi)
  9765 | Lair:1   | Reached skill level 1 in Air Magic
 10076 | Lair:2   | Slain by a komodo dragon

Skill      XL: |  1  2  3  4  5  6  7  8  9 10 11 |
---------------+----------------------------------+-----
Transmutations | 3 4 5 6 8 |  8.8
Spellcasting   | 3 4 5 6 7 |  7.1
Stealth        | 1 3 6 8 9 |  9.8
Ice Magic      | 2 3 |  3.3
Dodging        | 3 4 5 6 |  6.1
Fighting       | 2 4 |  4.6
Unarmed Combat | 4 6 |  6.5
Invocations    | 2 3 4 |  4.2
Air Magic      | 1 |  1.3

Action                   |  1- 3 |  4- 6 |  7- 9 | 10-12 || total
-------------------------+-------+-------+-------+-------++-------
Melee: Unarmed           |    55 |    14 |    31 |   124 ||   224
       Constrict         |    15 |    33 |    56 |    30 ||   134
       Tentacles         |    10 |    22 |    58 |    41 ||   131
       Kick              |     3 |     7 |    12 |     5 ||    27
       Dagger            |       |    89 |   218 |    74 ||   381
       Punch             |       |     2 |    10 |     8 ||    20
 Fire: Blowgun           |       |       |     2 |     3 ||     5
 Cast: Beastly Appendage |     2 |     5 |     9 |     3 ||    19
       Sticks to Snakes  |     1 |     3 |    14 |    13 ||    31
       Ice Form          |       |       |     3 |     5 ||     8
       Blade Hands       |       |       |     1 |    14 ||    15
 Abil: End Transformatio |       |       |       |     2 ||     2
Evoke: Wand              |       |       |     1 |     2 ||     3
  Use: Potion            |     1 |     1 |     1 |     3 ||     6
       Scroll            |     3 |     5 |    11 |       ||    19
 Stab: Sleeping          |     1 |    13 |    10 |    15 ||    39
       Distracted        |       |       |     1 |     3 ||     4
  Eat: Chunk             |       |     5 |    12 |     9 ||    26
Armor: Skin              |     4 |     3 |    10 |    25 ||    42
Dodge: Dodged            |    32 |    49 |   149 |   115 ||   345
